 Dungeon Crawl Stone Soup version 0.28-a0-932-g843f935a50 (webtiles) character file.

Game seed: 15008831279906096818

168189 bearlyready the Nimble (level 17, -20/137 HPs)
             Began as a Gnoll Monk on Nov 27, 2021.
             Was the Champion of Nemelex Xobeh.
             Demolished by Aizul (63 damage)
             ... on level 4 of the Shoals on Nov 28, 2021.
             The game lasted 01:26:39 (38209 turns).

bearlyready the Nimble (Gnoll Monk)                Turns: 38209, Time: 01:26:40

Health: -20/137    AC: 24    Str: 19    XL:     17   Next: 94%
Magic:  33/33      EV:  2    Int: 13    God:    Nemelex Xobeh [******]
Gold:   2400       SH:  0    Dex: 25    Spells: 37/40 levels left

rFire   + . .      SeeInvis .   Y - +6 demon trident (venom)
rCold   . . .      Faith    .   k - +0 kite shield {rF+}
rNeg    . . .      Spirit   .   q - +1 scale mail "Daeprywn" {Harm Regen+ rCorr Str-3}
rPois   .          Reflect  .   e - +2 helmet {Int+3}
rElec   .          Harm     +   i - +1 cloak
rCorr   +          Rampage  .   p - +0 pair of gloves
Will    +....                   G - +1 pair of boots of Hanammigg {Dex+9}
Stlth   ++++......              u - amulet of the acrobat
HPRegen 1.12/turn               c - +4 ring of protection
MPRegen 0.23/turn               r - +6 ring of strength

@: sleeping
A: fangs 1, strong nose, distributed training
a: Renounce Religion, Draw Escape, Draw Destruction, Draw Summoning, Triple
Draw, Deal Four, Stack Five


You were on level 4 of the Shoals.
You worshipped Nemelex Xobeh.
Nemelex Xobeh was exalted by your worship.
You visited 5 branches of the dungeon, and saw 28 of its levels.
You also visited: Sewer and Gauntlet.

You collected 3376 gold pieces.
You spent 976 gold pieces at shops.

Inventory:

Hand Weapons
 a - the +3 rapier of Blood-Lust {speed, Fly rElec rC+++ Str+3}
   (You found it on level 7 of the Dungeon)

   Attacks with this weapon are significantly faster.
   Str:       It affects your strength (+3).
   rC:        It renders you almost immune to cold.
   rElec:     It insulates you from electricity.
   Fly:       It grants you flight.
 b - the +10 fustibalus of Tenacity {freeze, rPois}
   (You bought it in a shop on level 2 of the Orcish Mines)

   Any ammunition fired from it freezes those it strikes, dealing additional
   cold damage.
   It can also slow down cold-blooded creatures.
   rPois:     It protects you from poison.
 P - the +10 hand crossbow "Ilar Nufir" {elec, *Corrode Fly rC+ Stlth+}
   (You took it off a merfolk on level 2 of the Shoals)

   Any ammunition fired from it occasionally discharges a powerful burst of
   electricity upon striking a foe.
   rC:        It protects you from cold.
   Fly:       It grants you flight.
   *Corrode:  It may corrode you when you take damage.
   Stlth:     It makes you more stealthy.
 Y - a +6 demon trident of venom (weapon)
Missiles
 d - 838 stones
 g - 8 silver javelins (quivered)
 l - 304 bolts
 C - 243 sling bullets
 F - 5 throwing nets
 J - 10 javelins
Armour
 e - a +2 helmet of intelligence (worn)
 i - a +1 cloak (worn)
 k - a +0 kite shield of fire resistance (worn)
 n - a scarf of resistance
 p - a +0 pair of gloves (worn)
 q - the +1 scale mail "Daeprywn" (worn) {Harm Regen+ rCorr Str-3}
   (You found it in a Gauntlet)

   Str:       It affects your strength (-3).
   Regen:     It increases your rate of health regeneration.
   rCorr:     It protects you from acid and corrosion.
   Harm:      It increases damage dealt and taken.
 G - the +1 pair of boots of Hanammigg (worn) {Dex+9}
   (You found it on level 2 of the Shoals)

   Dex:       It affects your dexterity (+9).
 M - a +0 cloak of willpower
Jewellery
 c - a +4 ring of protection (left hand)
 h - a ring of flight
 o - a ring of see invisible
 r - a +6 ring of strength (right hand)
 u - an amulet of the acrobat (around neck)
Wands
 K - a wand of digging (6)
 W - a wand of acid (5)
 X - a wand of paralysis (6)
Scrolls
 j - 5 scrolls of enchant weapon
 t - 2 scrolls of magic mapping
 v - 5 scrolls of amnesia
 H - 8 scrolls of teleportation
 I - 4 scrolls of identify
 L - 8 scrolls of fog
 O - a scroll of fear
 Q - 4 scrolls of enchant armour
 R - a scroll of blinking
 U - 2 scrolls of brand weapon
 V - 4 scrolls of holy word
Potions
 f - a potion of resistance
 m - 2 potions of invisibility
 s - 3 potions of cancellation
 w - 3 potions of brilliance
 x - 6 potions of mutation
 z - 6 potions of flight
 A - 5 potions of heal wounds
 B - 2 potions of ambrosia
 D - 9 potions of curing
 E - 4 potions of haste
 S - 4 potions of might
Miscellaneous
 y - a phial of floods
 T - a phantom mirror
 Z - a tin of tremorstones (1/2)


   Skills:
 + Level 13.6 Fighting
 + Level 12.0 Short Blades
 + Level 13.6 Long Blades
 + Level 12.0 Axes
 + Level 12.0 Maces & Flails
 + Level 12.0 Polearms
 + Level 12.0 Staves
 + Level 12.0 Slings
 + Level 12.0 Bows
 + Level 12.0 Crossbows
 + Level 12.0 Throwing
 + Level 12.0 Armour
 + Level 13.6 Dodging
 + Level 12.7 Stealth
 + Level 12.0 Shields
 + Level 12.0 Unarmed Combat
 + Level 12.0 Spellcasting
 + Level 10.1 Conjurations
 + Level 10.1 Hexes
 + Level 10.1 Summonings
 + Level 10.1 Necromancy
 + Level 10.1 Translocations
 + Level 10.1 Transmutations
 + Level 10.1 Fire Magic
 + Level 10.1 Ice Magic
 + Level 10.1 Air Magic
 + Level 10.1 Earth Magic
 + Level 10.1 Poison Magic
 + Level 13.0 Invocations
 + Level 12.0 Evocations


You had 37 spell levels left.
You knew the following spells:

 Your Spells              Type           Power      Damage    Failure   Level
a - Wereblood             Tmut           34%        N/A       1%          2
b - Apportation           Tloc           68%        N/A       1%          1

Your spell library contained the following spells:

 Spells                   Type           Power      Damage    Failure   Level
 Magic Dart               Conj           100%       1d8       1%          1
 Slow                     Hex            100%       N/A       1%          1
 Ensorcelled Hibernation  Hex/Ice        68%        N/A       1%          2
 Scorch                   Fire           68%        2d8       1%          2
 Searing Ray              Conj           68%        2d6       1%          2
 Sublimation of Blood     Necr           34%        N/A       1%          2
 Call Canine Familiar     Summ           34%        N/A       1%          3
 Confusing Touch          Hex            34%        N/A       1%          3
 Dazzling Flash           Conj/Hex       68%        N/A       1%          3
 Portal Projectile        Hex/Tloc       68%        N/A       1%          3
 Spider Form              Tmut/Pois      34%        N/A       1%          3
 Tukima's Dance           Hex            34%        N/A       1%          3
 Vampiric Draining        Necr           34%        2d8       1%          3
 Flame Wave               Conj/Fire      34%        3d7       4%          4
 Fulminant Prism          Conj/Hex       17%        3d11      4%          4
 Iskenderun's Mystic Bla  Conj/Tloc      34%        2d8       4%          4
 Leda's Liquefaction      Hex/Erth       17%        N/A       4%          4
 Passage of Golubria      Tloc           34%        N/A       4%          4
 Agony                    Necr           34%        N/A       13%         5
 Alistair's Intoxication  Tmut/Pois      22%        N/A       13%         5
 Freezing Cloud           Conj/Ice/Air   17%        6-21      13%         5
 Lee's Rapid Deconstruct  Erth           17%        3d11*     13%         5
 Silence                  Hex/Air        17%        N/A       13%         5
 Yara's Violent Unravell  Hex/Tmut       17%        3d8       13%         5
 Simulacrum               Ice/Necr       17%        N/A       58%         6
 Summon Cactus Giant      Summ           17%        N/A       58%         6
 Summon Hydra             Summ           17%        N/A       99%         7
 Lehudib's Crystal Spear  Conj/Erth      17%        10d5      100%        8
 Polar Vortex             Ice            17%        N/A       100%        9


Dungeon Overview and Level Annotations

Branches:
Dungeon (15/15)            Temple (1/1) D:7            Lair (6/6) D:10
 Shoals (4/4) Lair:2       Spider (0/4) Lair:2        Slime (0/5) Lair:5
    Orc (2/2) D:9             Elf (0/3) Orc:2        Vaults (0/5) D:14
 Depths (0/4) D:15          Sewer (visited)         Gauntlet (visited)

Altars:
Ashenzari
Cheibriados
Dithmenos
Elyvilon
Fedhas
Gozag
Hepliaklqana
Kikubaaqudgha
Makhleb
Nemelex Xobeh
Okawaru
Qazlal
Ru
Sif Muna
Trog
Uskayaw
Vehumet
Wu Jian
Xom
Yredelemnul
Zin
The Shining One
Beogh
Jiyva

Shops:
Orc:2 =([[   Shoals:4 (

Annotations:
D:14 3 runed translucent doors, Wogiaph's ghost, journeyman OgTm; Zonian's ghost, journeyman VSBr
Shoals:4 Aizul


Innate Abilities, Weirdness & Mutations

You have very sharp teeth.
Your uncanny sense of smell can sniff out nearby items.
Your experience applies equally to all skills.


Message History

You closely miss Aizul. You bite Aizul.
Aizul is heavily wounded.
You feel sick. You block Aizul's attack.
You miss Aizul.
Aizul is heavily wounded.
You feel sick. You block Aizul's attack.
You hit Aizul.
Aizul looks as sick as possible!
Aizul is heavily wounded.
You feel sick. Aizul hits you!
Your shield prevents you from hitting Aizul.
Aizul is heavily wounded.
You feel sick. Aizul casts a spell at you. The poison arrow hits you!!
You are more poisoned.
You hit Aizul.
Aizul looks as sick as possible!
Aizul is heavily wounded.
You feel very sick. Aizul completely misses you.
Aiming: Corrosive Bolt
Press: ? - help, Shift-Dir - straight line, f/p - Aizul
Aim: Aizul (heavily wounded, extremely poisoned, 51% to hit)
The bolt of acid hits Aizul!!
The acid corrodes Aizul!
Aizul is severely wounded.
You feel very sick. Aizul casts a spell at you. The bolt of poison hits you!!
You are more poisoned.
* * * LOW HITPOINT WARNING * * *
Aizul casts a spell at you. The bolt of poison hits you.
You are lethally poisoned!
* * * LOW HITPOINT WARNING * * *
You feel better. Aizul casts a spell at you.
You fall asleep.
Aizul hits you but does no damage. x2
Aizul hits you!!!
You die...
Your body glows slightly and disappears.

≈≈≈≈≈≈≈≈≈≈≈≈≈≈≈≈≈≈≈≈≈≈≈≈≈≈≈≈≈
≈≈≈≈≈≈≈≈≈≈≈≈≈≈≈≈≈≈≈≈≈≈≈≈≈≈≈≈≈
≈≈≈≈≈≈≈≈≈≈≈≈≈≈≈≈≈≈≈)≈≈≈≈≈≈≈≈≈
≈≈≈≈)≈≈)≈≈≈≈≈≈≈≈≈≈≈≈≈≈≈≈≈≈≈≈≈
≈≈##≈≈#)≈≈......)..≈≈≈≈≈≈≈≈≈≈
## #≈≈.....(...).≈≈..≈≈≈≈≈
##≈).....[.≈≈≈##...≈≈≈≈
##.......÷#######..≈≈≈
##.).@..### ≈#...≈ ∆
#≈...S.)# ∆ ≈... ##.)[)..#
#≈≈≈ #..†...# ∆ ≈. .##.([...#
#......<.## #........≈#
..........≈≈≈# ...m......≈≈≈#


You could see Aizul (very poisoned, corroded).

Vanquished Creatures
  Jorgrun (Shoals:2)
  Mlioglotl (Shoals:1)
  4 krakens (Shoals:2)
  An orc warlord (Orc:1)
  An emperor scorpion (Lair:5)
  A quicksilver ooze (Lair:5)
  Nessos (D:14)
  A dire elephant (Lair:5)
  11 merfolk impalers
  7 merfolk javelineers
  2 fire dragons
  Fannar (Lair:2)
  A vault guard (D:14)
  An ice dragon (D:15)
  5 merfolk avatars
  6 hydras
  3 boulder beetles
  6 merfolk aquamancers
  A centaur warrior (D:14)
  2 anacondas
  A catoblepas (Orc:2)
  An ogre mage (D:15)
  An alligator (Gauntlet)
  9 two-headed ogres
  4 death yaks
  A satyr (Shoals:4)
  3 tengu warriors (D:15)
  A death knight (D:15)
  Sonja (D:10)
  A fire crab (Gauntlet)
  4 skeletal warriors
  10 sea snakes
  An orc knight (Orc:2)
  2 phantasmal warriors
  15 harpies
  2 wolf spiders (Lair:6)
  3 deep elf pyromancers
  13 ugly things
  An orc sorcerer (Orc:2)
  9 fauns
  7 cyclopes
  8 manticores
  A moth of wrath (Gauntlet)
  Maurice (D:13)
  A centaur zombie (D:11)
  10 elephants
  12 black mambas
  2 water nymphs
  8 merfolk sirens
  An ice statue (D:8)
  An eye of devastation (D:14)
  A large abomination (Gauntlet)
  23 cane toads
  3 torpor snails
  Maggie (Lair:2)
  2 unseen horrors
  5 rime drakes
  A minotaur zombie (Gauntlet)
  16 komodo dragons
  2 freezing wraiths (D:15)
  A tengu conjurer (D:15)
  9 trolls
  A tyrant leech (Lair:3)
  3 meliai (D:15)
  A queen bee (Shoals:1)
  5 polar bears
  Grinder (D:6)
  3 wind drakes
  34 merfolk
  2 slime creatures (D:14)
  Prince Ribbit (D:6)
  13 blink frogs
  4 hornets
  6 snapping turtles
  21 dream sheep
  A centaur simulacrum (D:15)
  The ghost of hellse the Magician, an amateur DECj of Vehumet (D:5)
  8 water elementals
  5 redbacks
  3 vampires
  3 shadows
  16 wyverns
  Sigmund (D:6)
  A redback (shapeshifter) (D:14)
  4 wraiths
  A spriggan (Lair:4)
  43 yaks
  4 fire bats (Gauntlet)
  8 basilisks
  A golden eye (Lair:2)
  16 vampire mosquitoes
  A steam dragon (Orc:2)
  Edmund (D:6)
  4 wargs
  An acid dragon (D:8)
  28 water moccasins
  An acid dragon (shapeshifter) (Lair:6)
  Pargi (Sewer)
  36 orc warriors
  Duvessa (D:6)
  3 black bears
  2 ice beasts
  2 small abominations (Gauntlet)
  5 centaurs
  2 necrophages
  12 wolves
  A boggart (Lair:6)
  10 ogres
  A phantom (D:7)
  A kobold brigand (D:8)
  Blork the orc (D:4)
  A gnoll sergeant (D:5)
  14 bullfrogs
  8 scorpions
  A wyvern skeleton (D:7)
  Dowan (D:6)
  12 killer bees
  8 howler monkeys
  3 bullfrog zombies
  2 jellies
  A lava snake (Lair:6)
  2 hounds
  A bullfrog skeleton (D:6)
  13 orc priests
  Terence (D:1)
  21 orc wizards
  An iguana (D:4)
  A killer bee zombie (D:8)
  Robin (D:1)
  A howler monkey zombie (D:10)
  10 gnolls
  A river rat (D:5)
  4 adders
  2 shadow imps
  An ufetubus (D:7)
  An adder skeleton (D:4)
  2 worms
  11 dart slugs
  93 orcs
  6 ball pythons
  10 bats
  9 endoplasms
  A giant cockroach (D:1)
  17 goblins
  10 hobgoblins
  14 kobolds
  3 quokkas
  5 frilled lizards
  12 rats
  A fungus (Lair:4)
  A plant (Shoals:2)
  5 tentacles (Shoals:2)
893 creatures vanquished.

Vanquished Creatures (collateral kills)
  Ilsuiw (Shoals:2)
  3 merfolk impalers
  A harpy (Shoals:4)
  3 merfolk sirens
  3 merfolk
11 creatures vanquished.

Vanquished Creatures (others)
  An orc wizard (D:7)
  A goblin (Orc:2)
  A jackal (Orc:2)
  A bat (Orc:2)
  A kobold (Orc:2)
  A rat (Orc:2)
  10 bushes (Lair:6)
  50 fungi
  144 plants
  40 tentacles
250 creatures vanquished.

Grand Total: 1154 creatures vanquished

Notes
Turn   | Place    | Note
-------+----------+-------------------------------------------
     0 | D:1      | bearlyready the Gnoll Monk began the quest for the Orb.
     0 | D:1      | Reached XP level 1. HP: 23/23 MP: 1/1
   243 | D:1      | Reached XP level 2. HP: 29/29 MP: 2/2
   243 | D:1      | Found a faded altar of an unknown god.
   710 | D:1      | Reached XP level 3. HP: 35/35 MP: 3/3
   919 | D:2      | Noticed Terence
  1283 | D:2      | Noticed Robin
  1430 | D:1      | Killed Robin
  1431 | D:1      | Reached skill level 1 in Invocations
  1664 | D:2      | Reached skill level 1 in Short Blades
  1664 | D:2      | Reached skill level 1 in Axes
  1664 | D:2      | Reached skill level 1 in Maces & Flails
  1664 | D:2      | Reached skill level 1 in Polearms
  1664 | D:2      | Reached skill level 1 in Staves
  1664 | D:2      | Reached skill level 1 in Slings
  1664 | D:2      | Reached skill level 1 in Bows
  1664 | D:2      | Reached skill level 1 in Crossbows
  1664 | D:2      | Reached skill level 1 in Throwing
  1664 | D:2      | Reached skill level 1 in Armour
  1664 | D:2      | Reached skill level 1 in Shields
  1664 | D:2      | Reached skill level 1 in Unarmed Combat
  1664 | D:2      | Reached skill level 1 in Spellcasting
  1664 | D:2      | Reached skill level 1 in Evocations
  2076 | D:2      | Reached XP level 4. HP: 41/41 MP: 5/5
  2615 | D:3      | Reached skill level 1 in Conjurations
  2615 | D:3      | Reached skill level 1 in Hexes
  2615 | D:3      | Reached skill level 1 in Summonings
  2615 | D:3      | Reached skill level 1 in Necromancy
  2615 | D:3      | Reached skill level 1 in Translocations
  2615 | D:3      | Reached skill level 1 in Transmutations
  2615 | D:3      | Reached skill level 1 in Fire Magic
  2615 | D:3      | Reached skill level 1 in Ice Magic
  2615 | D:3      | Reached skill level 1 in Air Magic
  2615 | D:3      | Reached skill level 1 in Earth Magic
  2615 | D:3      | Reached skill level 1 in Poison Magic
  2689 | D:3      | Reached XP level 5. HP: 36/47 MP: 5/7
  3272 | D:4      | Noticed an ogre
  3302 | D:4      | Killed an ogre
  3303 | D:4      | Reached XP level 6. HP: 43/53 MP: 8/8
  3535 | D:4      | Noticed a wyvern
  3535 | D:4      | Noticed a necrophage
  3572 | D:4      | Noticed Blork the orc
  3583 | D:4      | Killed a necrophage
  3584 | D:4      | Reached XP level 7. HP: 48/60 MP: 10/10
  3676 | D:3      | Killed a wyvern
  3791 | D:4      | Reached skill level 5 in Stealth
  3799 | D:4      | Killed Blork the orc
  3956 | D:5      | Entered Level 5 of the Dungeon
  4008 | D:5      | Reached XP level 8. HP: 53/67 MP: 12/12
  4499 | D:5      | Found a glowing drain.
  4515 | Sewer    | Entered a sewer
  4542 | Sewer    | Noticed Pargi
  4561 | Sewer    | Killed Pargi
  4941 | D:5      | Noticed a troll
  5240 | D:6      | Found a glowing silver altar of Zin.
  5418 | D:6      | Noticed Grinder
  5437 | D:6      | Killed Grinder
  5694 | D:6      | Noticed Sigmund
  5739 | D:6      | Killed Sigmund
  5740 | D:6      | Reached XP level 9. HP: 73/73 MP: 14/14
  5741 | D:6      | Noticed Edmund
  5755 | D:6      | Killed Edmund
  5986 | D:6      | Noticed Duvessa
  5986 | D:6      | Noticed Dowan
  5993 | D:6      | Killed Duvessa
  5999 | D:6      | Killed Dowan
  6190 | D:6      | Noticed Prince Ribbit
  6212 | D:6      | Killed Prince Ribbit
  6723 | D:6      | Learned a level 2 spell: Wereblood
  7666 | D:1      | Killed Terence
  7787 | D:5      | Reached skill level 5 in Invocations
  8012 | D:5      | Found a large runed translucent door.
  8013 | D:5      | Found a large runed translucent door.
  8020 | D:5      | Noticed hellse's ghost (amateur DECj)
  8219 | D:5      | Killed a troll
  8738 | D:7      | Reached XP level 10. HP: 73/80 MP: 17/17
  9158 | D:7      | Found a staircase to the Ecumenical Temple.
  9173 | D:7      | Reached skill level 5 in Short Blades
  9173 | D:7      | Reached skill level 5 in Axes
  9173 | D:7      | Reached skill level 5 in Maces & Flails
  9173 | D:7      | Reached skill level 5 in Polearms
  9173 | D:7      | Reached skill level 5 in Staves
  9173 | D:7      | Reached skill level 5 in Slings
  9173 | D:7      | Reached skill level 5 in Bows
  9173 | D:7      | Reached skill level 5 in Crossbows
  9173 | D:7      | Reached skill level 5 in Throwing
  9173 | D:7      | Reached skill level 5 in Armour
  9173 | D:7      | Reached skill level 5 in Shields
  9173 | D:7      | Reached skill level 5 in Unarmed Combat
  9173 | D:7      | Reached skill level 5 in Spellcasting
  9173 | D:7      | Reached skill level 5 in Evocations
  9176 | Temple   | Entered the Ecumenical Temple
  9390 | Temple   | Became a worshipper of Nemelex Xobeh the Trickster
  9390 | Temple   | Reached * piety under Nemelex Xobeh
  9390 | Temple   | Received a gift from Nemelex Xobeh
  9390 | Temple   | Reached ** piety under Nemelex Xobeh
  9649 | D:7      | Identified the +3 rapier of Blood-Lust {speed, Fly rElec
                  | rC+++ Str+3}
 10507 | D:8      | Received a gift from Nemelex Xobeh
 10899 | D:8      | Noticed an ice statue
 11243 | D:9      | Noticed a two-headed ogre
 11910 | D:9      | Found a staircase to the Orcish Mines.
 12065 | D:9      | Found a shimmering blue altar of Sif Muna.
 12125 | D:9      | Received a gift from Nemelex Xobeh
 12130 | D:9      | Reached *** piety under Nemelex Xobeh
 12205 | D:9      | Killed a two-headed ogre
 12234 | D:9      | Reached XP level 11. HP: 77/87 MP: 19/19
 12436 | D:10     | Entered Level 10 of the Dungeon
 12469 | D:10     | Noticed Sonja
 12480 | D:10     | Killed Sonja
 12494 | D:10     | Noticed a two-headed ogre
 12672 | D:10     | Reached skill level 5 in Conjurations
 12672 | D:10     | Reached skill level 5 in Hexes
 12672 | D:10     | Reached skill level 5 in Summonings
 12672 | D:10     | Reached skill level 5 in Necromancy
 12672 | D:10     | Reached skill level 5 in Translocations
 12672 | D:10     | Reached skill level 5 in Transmutations
 12672 | D:10     | Reached skill level 5 in Fire Magic
 12672 | D:10     | Reached skill level 5 in Ice Magic
 12672 | D:10     | Reached skill level 5 in Air Magic
 12672 | D:10     | Reached skill level 5 in Earth Magic
 12672 | D:10     | Reached skill level 5 in Poison Magic
 12771 | D:10     | Noticed a two-headed ogre
 12793 | D:10     | Killed a two-headed ogre
 13072 | D:10     | Killed a two-headed ogre
 13184 | D:10     | Received a gift from Nemelex Xobeh
 13204 | D:10     | Found a blossoming altar of Fedhas.
 13205 | D:10     | Found a shadowy altar of Dithmenos.
 13205 | D:10     | Found a white marble altar of Elyvilon.
 13206 | D:10     | Found a burning altar of Makhleb.
 13214 | D:10     | Found a hazy altar of Hepliaklqana.
 13360 | D:10     | Found a staircase to the Lair.
 13485 | Lair:1   | Entered Level 1 of the Lair of Beasts
 13680 | D:11     | Received a gift from Nemelex Xobeh
 13787 | D:11     | Noticed a cyclops
 13807 | D:11     | Killed a cyclops
 13996 | D:11     | Reached **** piety under Nemelex Xobeh
 14972 | D:12     | Received a gift from Nemelex Xobeh
 14996 | D:12     | Noticed a deep elf pyromancer
 15001 | D:12     | Killed a deep elf pyromancer
 15184 | D:12     | Noticed a boulder beetle
 15188 | D:12     | Killed a boulder beetle
 15193 | D:12     | Noticed a seven-headed hydra
 15198 | D:12     | Killed a seven-headed hydra
 15199 | D:12     | Reached XP level 12. HP: 96/96 MP: 22/22
 15199 | D:12     | Noticed a five-headed hydra
 15206 | D:12     | Killed a five-headed hydra
 16993 | D:13     | Noticed Maurice
 16995 | D:13     | Reached ***** piety under Nemelex Xobeh
 17027 | D:13     | Killed Maurice
 17558 | D:14     | Noticed a centaur warrior
 17772 | D:14     | Killed a centaur warrior
 17773 | D:14     | Reached skill level 10 in Fighting
 17773 | D:14     | Reached skill level 10 in Long Blades
 17773 | D:14     | Reached skill level 10 in Dodging
 18483 | Lair:1   | Learned a level 1 spell: Apportation
 18672 | Lair:1   | Received a gift from Nemelex Xobeh
 18921 | Lair:1   | Reached XP level 13. HP: 64/103 MP: 24/24
 19818 | Lair:2   | Noticed Maggie
 19844 | Lair:2   | Killed Maggie
 20163 | Lair:2   | Found a hole to the Spider Nest.
 20206 | Lair:2   | Received a gift from Nemelex Xobeh
 20293 | Lair:2   | Noticed Fannar
 20316 | Lair:2   | Killed Fannar
 20487 | Lair:2   | Found a staircase to the Shoals.
 20688 | Lair:2   | Received a gift from Nemelex Xobeh
 21290 | Lair:3   | Found a hazy altar of Hepliaklqana.
 22004 | Lair:3   | Received a gift from Nemelex Xobeh
 23350 | Lair:4   | Reached XP level 14. HP: 96/113 MP: 26/26
 23506 | Lair:5   | Noticed a dire elephant
 23506 | Lair:5   | a death yak changed into a dire elephant
 23506 | Lair:5   | Noticed a quicksilver ooze
 23506 | Lair:5   | a death yak changed into a quicksilver ooze
 23506 | Lair:5   | Noticed an emperor scorpion
 23506 | Lair:5   | a death yak changed into an emperor scorpion
 23510 | Lair:5   | Killed a quicksilver ooze
 23511 | Lair:5   | Killed an emperor scorpion
 23512 | Lair:5   | Reached skill level 10 in Stealth
 23523 | Lair:5   | Killed a dire elephant
 23622 | Lair:5   | Found a gate leading to a gauntlet.
 23624 | Lair:5   | Received a gift from Nemelex Xobeh
 23648 | Gauntlet | Entered a Gauntlet
 23648 | Gauntlet | Found a transporter.
 23760 | Gauntlet | Found a transporter.
 23762 | Gauntlet | Found a transporter.
 23773 | Gauntlet | Found a transporter.
 23776 | Gauntlet | Found a transporter.
 23789 | Gauntlet | Found a transporter.
 23806 | Gauntlet | Found a transporter.
 23813 | Gauntlet | Received a gift from Nemelex Xobeh
 23817 | Gauntlet | Found a transporter.
 23826 | Gauntlet | Found a runed translucent door.
 23827 | Gauntlet | Found a transporter.
 23842 | Gauntlet | Found a runed translucent door.
 23846 | Gauntlet | Found a transporter.
 23860 | Gauntlet | Found a transporter.
 23861 | Gauntlet | Found a transporter.
 23909 | Gauntlet | Found a transporter.
 23979 | Gauntlet | Acquired 713 gold pieces
 24026 | Gauntlet | Reached skill level 10 in Invocations
 24037 | Gauntlet | Found a transporter.
 24176 | Gauntlet | Identified the +0 pair of boots of Milumu {Rampage +Inv
                  | rPois rF+}
 24402 | Gauntlet | Identified the +1 scale mail "Daeprywn" {Harm Regen+ rCorr
                  | Str-3}
 24617 | Gauntlet | Identified the amulet of Nedihiwk {Reflect *Slow rF+ Dex+5
                  | SH+5}
 24973 | Lair:5   | Received a gift from Nemelex Xobeh
 25115 | Lair:5   | Found a viscous altar of Jiyva.
 25116 | Lair:5   | Found a staircase to the Slime Pits.
 25565 | Lair:6   | Entered Level 6 of the Lair of Beasts
 26211 | Lair:6   | Reached ****** piety under Nemelex Xobeh
 26228 | Lair:6   | Received a gift from Nemelex Xobeh
 26263 | Lair:6   | Reached XP level 15. HP: 108/120 MP: 28/28
 26703 | Lair:6   | Reached skill level 10 in Short Blades
 26703 | Lair:6   | Reached skill level 10 in Axes
 26703 | Lair:6   | Reached skill level 10 in Maces & Flails
 26703 | Lair:6   | Reached skill level 10 in Polearms
 26703 | Lair:6   | Reached skill level 10 in Staves
 26703 | Lair:6   | Reached skill level 10 in Slings
 26703 | Lair:6   | Reached skill level 10 in Bows
 26703 | Lair:6   | Reached skill level 10 in Crossbows
 26703 | Lair:6   | Reached skill level 10 in Throwing
 26703 | Lair:6   | Reached skill level 10 in Armour
 26703 | Lair:6   | Reached skill level 10 in Shields
 26703 | Lair:6   | Reached skill level 10 in Unarmed Combat
 26703 | Lair:6   | Reached skill level 10 in Spellcasting
 26703 | Lair:6   | Reached skill level 10 in Evocations
 26856 | Lair:6   | Received a gift from Nemelex Xobeh
 27647 | D:8      | Identified the +7 battleaxe "Giett" {pain, rPois rC+}
 27852 | D:5      | Killed hellse's ghost
 28102 | D:14     | Noticed Nessos
 28109 | D:14     | Killed Nessos
 28228 | D:14     | Found an opulent altar of Gozag.
 28617 | D:14     | Received a gift from Nemelex Xobeh
 28840 | D:14     | Found a gate to the Vaults.
 28941 | D:14     | Found a runed translucent gate.
 28941 | D:14     | Found a runed translucent gate.
 28941 | D:14     | Found a runed translucent gate.
 28954 | D:14     | Noticed Zonian's ghost (journeyman VSBr)
 28957 | D:14     | Noticed Wogiaph's ghost (journeyman OgTm)
 29277 | D:15     | Entered Level 15 of the Dungeon
 29412 | D:15     | Identified the +9 spear of Qocuh {venom, Fly rF+ Will-
                  | Dex+5}
 29443 | D:15     | Reached XP level 16. HP: 105/128 MP: 30/30
 30288 | D:15     | Found a staircase to the Depths.
 30367 | D:15     | Received a gift from Nemelex Xobeh
 30671 | Orc:1    | Entered Level 1 of the Orcish Mines
 31060 | Orc:2    | Entered Level 2 of the Orcish Mines
 31259 | Orc:2    | Received a gift from Nemelex Xobeh
 31302 | Orc:2    | Found a staircase to the Elven Halls.
 31397 | Orc:2    | Found Otwoamnudd's Antique Armour Emporium.
 31403 | Orc:2    | Found Xocrausk's Antique Weapon Shoppe.
 31556 | Orc:2    | Found Lomaucku's Jewellery Shoppe.
 31877 | Orc:2    | Found Woeps's Antique Armour Shop.
 31928 | Orc:2    | Received a gift from Nemelex Xobeh
 32291 | Orc:2    | Bought a glowing cloak for 150 gold pieces
 32376 | Orc:2    | Bought a pair of faintly humming boots for 266 gold pieces
 32376 | Orc:2    | Identified the +0 pair of boots "Umaefo" {Stlth+} (You
                  | bought it in a shop on level 2 of the Orcish Mines)
 32517 | Shoals:1 | Entered Level 1 of the Shoals
 32576 | Shoals:1 | Received a gift from Nemelex Xobeh
 32887 | Shoals:1 | Noticed Mlioglotl
 33053 | Shoals:1 | Killed Mlioglotl
 33109 | Shoals:1 | Received a gift from Nemelex Xobeh
 33694 | Shoals:2 | Noticed Jorgrun
 33825 | Shoals:2 | Killed Jorgrun
 33914 | Shoals:2 | Noticed Ilsuiw
 33924 | Shoals:2 | Received a gift from Nemelex Xobeh
 34367 | Shoals:2 | Reached XP level 17. HP: 136/136 MP: 32/32
 34370 | Shoals:2 | Noticed a kraken
 34398 | Shoals:2 | Killed a kraken
 34402 | Shoals:2 | Identified the +10 hand crossbow "Ilar Nufir" {elec,
                  | *Corrode Fly rC+ Stlth+}
 34403 | Shoals:2 | Found a runed translucent door.
 34405 | Shoals:2 | Identified the +1 pair of boots of Hanammigg {Dex+9}
 34416 | Shoals:2 | Noticed a kraken
 34427 | Shoals:2 | Killed a kraken
 34427 | Shoals:2 | Noticed a kraken
 34444 | Shoals:2 | Killed a kraken
 35109 | Shoals:2 | Killed Ilsuiw
 35407 | Shoals:2 | Noticed a kraken
 35430 | Shoals:2 | Killed a kraken
 35688 | Shoals:3 | Noticed a kraken
 35720 | Shoals:3 | Banished a kraken
 36593 | Shoals:2 | Reached skill level 10 in Conjurations
 36593 | Shoals:2 | Reached skill level 10 in Hexes
 36593 | Shoals:2 | Reached skill level 10 in Summonings
 36593 | Shoals:2 | Reached skill level 10 in Necromancy
 36593 | Shoals:2 | Reached skill level 10 in Translocations
 36593 | Shoals:2 | Reached skill level 10 in Transmutations
 36593 | Shoals:2 | Reached skill level 10 in Fire Magic
 36593 | Shoals:2 | Reached skill level 10 in Ice Magic
 36593 | Shoals:2 | Reached skill level 10 in Air Magic
 36593 | Shoals:2 | Reached skill level 10 in Earth Magic
 36593 | Shoals:2 | Reached skill level 10 in Poison Magic
 36777 | Shoals:3 | Received a gift from Nemelex Xobeh
 37100 | Shoals:4 | Entered Level 4 of the Shoals
 37100 | Shoals:4 | Found Cioca's Firing Range.
 37341 | Orc:2    | Bought a pitted fustibalus for 560 gold pieces
 37341 | Orc:2    | Identified the +10 fustibalus of Tenacity {freeze, rPois}
                  | (You bought it in a shop on level 2 of the Orcish Mines)
 38177 | Shoals:4 | Noticed Aizul
 38209 | Shoals:4 | Demolished by Aizul

Illustrated notes

Levels and vault maps discovered:
D:1:      roderic_lyre, layout_rooms, nicolae_ecumenical_snake_handling,
          hex_intersection
D:2:      layout_loops_ring, uniq_terence, uniq_robin
D:3:      kennysheep_slugbush, layout_loops_cross
D:4:      layout_rooms, st_stairs_12, uniq_blork_the_orc
D:5:      layout_cave_pods, portal_sewer_entry_e, ebering_ghost_disaster_area
D:6:      layout_basic, nicolae_overflow_crystal_walls, lemuel_flame_loot_1,
          uniq_duvessa, uniq_sigmund, uniq_grinder, uniq_edmund,
          uniq_prince_ribbit1
D:7:      corexii_shantytown, layout_loops_ring,
          minmay_temple_entry_purple_smoke
D:8:      lemuel_ice_statue, layout_loops_corners
D:9:      layout_rooms, mainiacjoe_overflow_paths, david_orc_3
D:10:     layout_long_grid, chequers_temple_overflow_statue_of_worship,
          mainiacjoe_overflow_surrounded_room, lair_entry_dummy, uniq_sonja
D:11:     layout_irregular_city, minmay_crystal_water
D:12:     layout_loops_ring
D:13:     layout_loops_corners, palyth_stone_intersect,
          beargit_hepliaklqana_dungeon_heroes, uniq_maurice
D:14:     layout_loops_cross, david_vaults_5, grunt_gozag_breadcrumbs,
          gammafunk_ghost_cemetery, minmay_misc_feat_iff, uniq_nessos
D:15:     grunt_enter_depths_hoard, layout_cave_pools, serial_rivers,
          chequers_serial_rivers_micro_e, chequers_serial_rivers_small_3,
          chequers_serial_rivers_large_b, chequers_serial_rivers_small_b,
          amcnicky_mini_rare_corridor_liquid
Temple:   regret_index_temple_generic_petals
Lair:1:   layout_chaotic_city, beast_lair_carwin_3, lemuel_fruit_tree
Lair:2:   layout_layer_cave, elwin_shoals_entry_rocks, spider_nest_entry_a,
          uniq_maggie, uniq_fannar
Lair:3:   layout_loops_ring, basic_altar, beast_lair_carwin_8
Lair:4:   layout_misc_corridors, wad_woods_03
Lair:5:   layout_regular_city, slime_altar_1, gauntlet_entry_generic,
          serial_bayou_shore_b
Lair:6:   hangedman_lair_tendril_chambers, layout_gridlike, minmay_hedge_maze,
          nicolae_lair_lakeside_cave
Shoals:1: layout_shoals, uniq_mlioglotl
Shoals:2: nicolae_shoals_lighthouse, layout_shoals,
          nicolae_shoals_dead_sea_scrolls, uniq_jorgrun, uniq_ilsuiw
Shoals:3: layout_shoals
Shoals:4: shoals_end_grunt_ice, layout_shoals, shoal_ilsuiw,
          nicolae_shop_firing_range, uniq_aizul
Orc:1:    layout_caves, uniq_erolcha
Orc:2:    grunt_orc_community_town_hall, layout_diamond_mine,
          grunt_orc_community_big_house_2, grunt_orc_community_big_house_2,
          grunt_orc_community_house_3, grunt_orc_community_house_2,
          grunt_orc_community_house_2, grunt_orc_community_house_2,
          grunt_orc_community_house_3, grunt_orc_community_house_2, basic_altar

Skill      XL: |  1  2  3  4  5  6  7  8  9 10 11 12 13 14 15 16 17 |
---------------+----------------------------------------------------+-----
Invocations    | 1 2 3 4 5 6 7 8 9 10 11 12 13 | 13.0
Short Blades   | 1 2 3 4 5 6 7 8 9 10 11 12 | 12.0
Axes           | 1 2 3 4 5 6 7 8 9 10 11 12 | 12.0
Maces & Flails | 1 2 3 4 5 6 7 8 9 10 11 12 | 12.0
Polearms       | 1 2 3 4 5 6 7 8 9 10 11 12 | 12.0
Staves         | 1 2 3 4 5 6 7 8 9 10 11 12 | 12.0
Slings         | 1 2 3 4 5 6 7 8 9 10 11 12 | 12.0
Bows           | 1 2 3 4 5 6 7 8 9 10 11 12 | 12.0
Crossbows      | 1 2 3 4 5 6 7 8 9 10 11 12 | 12.0
Throwing       | 1 2 3 4 5 6 7 8 9 10 11 12 | 12.0
Armour         | 1 2 3 4 5 6 7 8 9 10 11 12 | 12.0
Shields        | 1 2 3 4 5 6 7 8 9 10 11 12 | 12.0
Unarmed Combat | 1 2 3 4 5 6 7 8 9 10 11 12 | 12.0
Spellcasting   | 1 2 3 4 5 6 7 8 9 10 11 12 | 12.0
Evocations     | 1 2 3 4 5 6 7 8 9 10 11 12 | 12.0
Conjurations   | 1 2 3 4 5 6 7 8 9 10 | 10.1
Hexes          | 1 2 3 4 5 6 7 8 9 10 | 10.1
Summonings     | 1 2 3 4 5 6 7 8 9 10 | 10.1
Necromancy     | 1 2 3 4 5 6 7 8 9 10 | 10.1
Translocations | 1 2 3 4 5 6 7 8 9 10 | 10.1
Transmutations | 1 2 3 4 5 6 7 8 9 10 | 10.1
Fire Magic     | 1 2 3 4 5 6 7 8 9 10 | 10.1
Ice Magic      | 1 2 3 4 5 6 7 8 9 10 | 10.1
Air Magic      | 1 2 3 4 5 6 7 8 9 10 | 10.1
Earth Magic    | 1 2 3 4 5 6 7 8 9 10 | 10.1
Poison Magic   | 1 2 3 4 5 6 7 8 9 10 | 10.1
Fighting       | 7 8 9 10 11 12 13 | 13.6
Long Blades    | 7 8 9 10 11 12 13 | 13.6
Dodging        | 7 8 9 10 11 12 13 | 13.6
Stealth        | 5 6 7 8 9 10 11 12 | 12.7

Action                   |  1- 3 |  4- 6 |  7- 9 | 10-12 | 13-15 | 16-18 || total
-------------------------+-------+-------+-------+-------+-------+-------++-------
Melee: Falchion          |   131 |    43 |     5 |       |       |       ||   179
       Bite              |    10 |    18 |    36 |   155 |   331 |   244 ||   794
       Punch             |     1 |       |     5 |       |       |       ||     6
       Spear             |       |    80 |   318 |    99 |       |       ||   497
       Flail             |       |       |     5 |       |       |       ||     5
       Rapier            |       |       |       |   892 |  1585 |  1273 ||  3750
       Demon trident     |       |       |       |       |       |    87 ||    87
 Fire: Hunting sling     |       |    13 |    29 |     4 |     8 |    39 ||    93
       Fustibalus        |       |       |       |       |       |    62 ||    62
Throw: Stone             |       |       |     1 |     1 |     5 |     2 ||     9
       Dart              |       |       |     4 |    40 |    20 |    22 ||    86
       Boomerang         |       |       |       |    14 |       |       ||    14
       Javelin           |       |       |       |       |    10 |    14 ||    24
       Throwing net      |       |       |       |       |     3 |       ||     3
 Cast: Wereblood         |       |       |       |     1 |    24 |    15 ||    40
Invok: Draw Destruction  |       |       |       |     8 |    34 |    31 ||    73
       Deal Four         |       |       |       |       |     2 |     1 ||     3
       Draw Escape       |       |       |       |       |     3 |     4 ||     7
       Draw Summoning    |       |       |       |       |       |     9 ||     9
Evoke: Phial of floods   |       |       |     1 |     1 |       |     1 ||     3
       Wand              |       |       |       |     9 |     9 |    69 ||    87
       Tin of tremorston |       |       |       |       |     6 |     6 ||    12
  Use: Scroll            |     2 |       |     5 |    14 |     8 |     9 ||    38
       Potion            |     2 |       |     2 |     1 |     1 |     4 ||    10
 Stab: Sleeping          |     9 |     9 |    16 |    22 |    23 |     3 ||    82
       Fleeing           |       |       |     1 |       |       |       ||     1
       Distracted        |       |       |       |     1 |     5 |     7 ||    13
       Held in net/web   |       |       |       |       |     5 |       ||     5
       Petrified         |       |       |       |       |       |     2 ||     2
       Petrifying        |       |       |       |       |       |     1 ||     1
       Paralysed         |       |       |       |       |       |     1 ||     1
Armor: Leather armour    |    44 |    26 |    50 |   219 |    16 |       ||   355
       Steam dragon scal |       |       |       |       |    96 |       ||    96
       Scale mail        |       |       |       |       |   267 |   284 ||   551
Dodge: Dodged            |   109 |    54 |   180 |   488 |   718 |   612 ||  2161
Block: Buckler           |       |       |     3 |   213 |   351 |       ||   567
       Kite shield       |       |       |       |       |     7 |   606 ||   613

Table legend: (Time is in decaauts)
 A = Elapsed time spent in this place.
 B = Non-inter-level travel time spent in this place.
 C = Inter-level travel time spent in this place.
 D = Time resting spent in this place.
 E = Time spent auto-exploring this place.
 F = Levels seen in this place.
 G = Mean time per level.
                   A        B        C        D        E       F      G
               +--------+--------+--------+--------+--------+-----+--------+
         Total |  36452 |  33692 |   2760 |   4086 |  21467 |  30 | 1215.1 |
       Dungeon |  20789 |  18987 |   1802 |   2708 |  12498 |  15 | 1385.9 |
        Temple |    250 |    198 |     52 |      0 |    190 |   1 |  250.0 |
          Lair |   7725 |   7347 |    378 |    262 |   5284 |   6 | 1287.5 |
        Shoals |   4867 |   4646 |    221 |    677 |   2243 |   4 | 1216.8 |
  Orcish Mines |   1694 |   1389 |    305 |      0 |    929 |   2 |  847.0 |
         Sewer |    170 |    170 |      0 |      0 |     87 |   1 |  170.0 |
      Gauntlet |    955 |    955 |      0 |    438 |    235 |   1 |  955.0 |
               +--------+--------+--------+--------+--------+-----+--------+

Top non-repeatable levels by time:
     D:6: 2273 daAuts
     D:8: 2061 daAuts
Shoals:2: 1712 daAuts
     D:5: 1685 daAuts
    D:10: 1658 daAuts
    D:12: 1603 daAuts
    D:14: 1572 daAuts
  Lair:2: 1498 daAuts
Shoals:1: 1456 daAuts
     D:1: 1447 daAuts
   Orc:2: 1377 daAuts
    D:13: 1348 daAuts
  Lair:6: 1337 daAuts
  Lair:5: 1268 daAuts
  Lair:3: 1267 daAuts
